 Dungeon Sprint DCSS version 0.29-a0-870-g2c972031a6 (webtiles) character file.

Game seed: 4355040561532275975

34526 manyhoops the Wrestler (level 14, -1/187 HPs)
             Began as a Human Berserker on July 17, 2022.
             Was a Priest of Trog.
             Slain by a hellephant (26 damage)
             ... in the Dungeon (Sprint II: "The Violet Keep of Menkaure").
             The game lasted 00:15:58 (2817 turns).

manyhoops the Wrestler (Human Berserker)            Turns: 2817, Time: 00:15:59

Health: -1/187     AC: 41    Str: 24    XL:     14   Next: 13%
Magic:  23/23      EV:  9    Int: 11    God:    Trog [***...]
Gold:   2612       SH:  5    Dex: 18    Spells: 13/13 levels left

rFire   . . .      SeeInvis .     - Unarmed
rCold   + . .      Faith    .   (no shield)
rNeg    + . .      Spirit   .   o - +3 plate armour {rC+}
rPois   +          Reflect  +   A - +1 helmet {Int+3}
rElec   +          Harm     .   F - +0 cloak of Benevolence {rN+ Int+5 Dex-2}
rCorr   .          Rampage  .   c - +1 pair of gloves "Ijanonom" {MP+9 Int-4 Dex+2}
Will    +++..      NoTele   +   D - +4 pair of boots "Elugimuc" {Stlth+}
Stlth   ..........              z - amulet "Amox Xawk" {Reflect rElec Str+2 Dex+4 SH+5}
HPRegen 1.41/turn               (no ring)
MPRegen 0.18/turn               (no ring)

@: berserking, strong-willed, regenerating, very quick
A: iridescent scales 2, camouflage 1, poison resistance
a: Renounce Religion, Berserk, Trog's Hand


You were in the Dungeon.
You worshipped Trog.
Trog was most pleased with you.
You visited 1 branch You collected 4661 gold pieces.
You spent 2049 gold pieces at shops.

Inventory:

Armour
 a - a +0 animal skin
 c - the +1 pair of gloves "Ijanonom" (worn) {MP+9 Int-4 Dex+2}
   (You bought it in a shop in the Dungeon)

   Int:       It affects your intelligence (-4).
   Dex:       It affects your dexterity (+2).
   MP:        It affects your magic capacity (+9).
 d - a +0 cloak
 g - a +0 helmet
 n - a +0 pair of boots
 o - a +3 plate armour of cold resistance (worn)
 A - a +1 helmet of intelligence (worn)
 D - the +4 pair of boots "Elugimuc" (worn) {Stlth+}
   (You acquired it in the Dungeon)

   Stlth:     It makes you more stealthy.
 F - the +0 cloak of Benevolence (worn) {rN+ Int+5 Dex-2}
   (You acquired it in the Dungeon)

   Int:       It affects your intelligence (+5).
   Dex:       It affects your dexterity (-2).
   rN:        It protects you from negative energy.
 J - +2 fire dragon scales
Jewellery
 j - a ring of magical power
 z - the amulet "Amox Xawk" (around neck) {Reflect rElec Str+2 Dex+4 SH+5}
   (You acquired it in the Dungeon)

   [amulet of reflection]

   It reflects blocked missile attacks.
   Str:       It affects your strength (+2).
   Dex:       It affects your dexterity (+4).
   rElec:     It insulates you from electricity.
   SH:        It affects your SH (+5).
 B - an amulet of the acrobat
 C - an amulet of magic regeneration
 E - an amulet of regeneration
Scrolls
 k - 2 scrolls of fog
 m - a scroll of summoning
 p - 3 scrolls of enchant armour
 s - a scroll of vulnerability
 t - a scroll of fear
 u - 2 scrolls of amnesia
 v - 2 scrolls of blinking
 y - a scroll of poison
Potions
 b - 8 potions of curing
 e - 15 potions of magic
 f - 2 potions of berserk rage
 h - 3 potions of haste
 i - 3 potions of flight
 l - 4 potions of degeneration
 q - 21 potions of mutation
 r - 2 potions of cancellation
 w - a potion of resistance
 x - a potion of lignification


   Skills:
 + Level 16.3 Fighting
 + Level 22.3 Armour
 - Level 2.0 Dodging
 * Level 24.9 Unarmed Combat


You had 13 spell levels left.
You didn't know any spells.
Your spell library was empty.

Dungeon Overview and Level Annotations

Branches:
Dungeon (1/1)

Altars:
Cheibriados
Dithmenos
Elyvilon
Fedhas
Gozag
Hepliaklqana
Kikubaaqudgha
Makhleb
Nemelex Xobeh
Okawaru
Qazlal
Ru
Sif Muna
Trog
Uskayaw
Vehumet
Wu Jian
Xom
Yredelemnul
Zin
The Shining One
Jiyva
Lugonu

Shops:
D ([[*:[=([([?*?[?[:=(!(*?=[!!=[:

Annotations:
D exclusion: oklob plant, Sonja


Innate Abilities, Weirdness & Mutations

You are mostly covered in iridescent scales. (AC +4)
Your skin changes colour to match your surroundings (Stealth+).
Your system is resistant to poisons. (rPois)


Message History

You open the door.
A hellephant and Sonja come into view.
Sonja is wielding a +2 dagger of distortion and quivering curare-tipped darts.
The hellephant trumpets!
Sonja shouts!
Sonja gestures wildly while chanting.
Sonja blinks!
A glowing orange brain comes into view.
A purple draconian shifter comes into view.
It is wielding a +0 long sword.
Sonja moves out of view.
Found 243 gold pieces.
Your skin crawls.
You feel strong-willed.
The purple draconian shifter roars!
The hellephant tramples you!
You hold your ground!
The hellephant bites you but does no damage.
The hellephant gores you but does no damage.
Unknown command.
You pummel the hellephant!!
The hellephant is lightly wounded.
You punch the hellephant!
The hellephant is lightly wounded.
The hellephant breathes flames at you. The blast of flame hits you!!!
Unknown command.
Okay, then.
Unknown command.
A red film seems to cover your vision as you go berserk!
You feel yourself moving faster!
You feel mighty! The hellephant breathes flames at you.
The blast of flame hits you!!!!
* * * LOW HITPOINT WARNING * * *
You hit the hellephant but do no damage.
You punch the hellephant, but do no damage.
The hellephant is lightly wounded.
You hit the hellephant.
The hellephant is lightly wounded.
You squash the hellephant like an ant!!!
The hellephant is moderately wounded.
The hellephant tramples you!!
You die...

,+...'..♣♣.....♣♣^..÷.♣♣.▓
▓...▓.♣♣..♣...♣♣...♣)♣♣.▓
▓.▓▓▓.♣♣..♣♣..♣♣..♣♣..♣.▓
▓...▓.♣♣..♣♣..♣...♣♣....▓
▓▓▓▓.▓.♣...♣♣......♣♣....▓
.▓§..▓.....▓▓▓▓▓▓▓▓▓▓''▓▓▓#
°▓▓▓▓▓▓▓▓▓▓▓▓▓▓▓▓▓........#
°▓≈≈≈§≈≈§§▓▓▓GqY.▓.''''''.#
)▓▓▓▓▓▓▓▓▓▓▓▓'▓▓@▓.'≈).§'.#
○▓[..).):[▓▓.. ▓.▓.'≈..≈'.#
=▓.....)..▓▓.⌠ ▓.▓.'≈..§§.#
)▓.(..)...▓▓.. ▓.▓.'≈§.≈'.#
#▓[.......▓▓.. ▓^▓.'≈..≈'.#
#▓)....)()▓▓.. ▓^▓.'§..≈'.#
#▓........▓▓.$ ▓.▓.§≈..≈'.#
#▓.[....[.▓▓ ▓§▓)▓≈..≈▓)#
#▓[:.[::..▓▓ ▓§▓.▓§§.≈▓.#


You could see a hellephant (catching breath), a purple draconian shifter and a
glowing orange brain.

Vanquished Creatures
  A deep elf blademaster (D)
  3 quicksilver dragons (D)
  Gastronok (D)
  Murray (D)
  2 sphinxes (D)
  Roxanne (D)
  Kirke (D)
  Nessos (D)
  3 lorocyprocas (D)
  A dire elephant (D)
  A yaktaur captain (D)
  An ice dragon (D)
  A death yak (D)
  A skeletal warrior (D)
  2 deep trolls (D)
  3 sixfirhies (D)
  A harpy (D)
  6 shining eyes (D)
  3 orc sorcerers (D)
  An elephant (D)
  A merfolk siren (D)
  An ice statue (D)
  An eye of devastation (D)
  2 cane toads (D)
  A yaktaur (D)
  A kobold demonologist (D)
  A hornet (D)
  5 polar bears (D)
  18 flying skulls (D)
  2 wyverns (D)
  Menkaure (D)
  6 water moccasins (D)
  A floating eye (D)
  A scorpion (D)
  5 necrophages (D)
  9 electric eels (D)
  A jelly (D)
  An iron imp (D)
  2 worms (D)
95 creatures vanquished.

Vanquished Creatures (collateral kills)
  6 shining eyes (D)
  9 floating eyes (D)
15 creatures vanquished.

Vanquished Creatures (others)
  A centaur warrior (D)
  A water moccasin (D)
  2 ballistomycete spores (D)
  16 tentacles (D)
20 creatures vanquished.

Grand Total: 130 creatures vanquished

Notes
Turn   | Place    | Note
-------+----------+-------------------------------------------
     0 | D        | manyhoops the Human Berserker began the quest for the Orb.
     0 | D        | Reached XP level 1. HP: 18/18 MP: 1/1
     1 | D        | Noticed a necrophage
     1 | D        | Noticed a necrophage
     1 | D        | Noticed a necrophage
     1 | D        | Noticed a necrophage
    11 | D        | Killed a necrophage
    12 | D        | Reached skill level 6 in Unarmed Combat
    12 | D        | Reached XP level 2. HP: 19/28 MP: 2/2
    12 | D        | Reached XP level 3. HP: 24/34 MP: 3/3
    12 | D        | Reached XP level 4. HP: 28/40 MP: 4/4
    22 | D        | Killed a necrophage
    23 | D        | Reached skill level 7 in Unarmed Combat
    23 | D        | Reached XP level 5. HP: 21/48 MP: 5/5
    29 | D        | HP: 2/43 [necrophage (1)]
    30 | D        | Reached ** piety under Trog
    31 | D        | Reached skill level 8 in Unarmed Combat
    31 | D        | Reached XP level 6. HP: 3/57 MP: 6/6
    35 | D        | HP: 2/57 [necrophage (5)]
    47 | D        | Reached skill level 9 in Unarmed Combat
   219 | D        | Noticed a wyvern
   219 | D        | Noticed a wyvern
   223 | D        | Killed a wyvern
   224 | D        | Reached skill level 10 in Fighting
   224 | D        | Reached skill level 11 in Unarmed Combat
   224 | D        | Reached XP level 7. HP: 38/66 MP: 7/7
   228 | D        | Killed a wyvern
   291 | D        | Noticed a merfolk siren
   295 | D        | Killed a merfolk siren
   296 | D        | Reached skill level 13 in Unarmed Combat
   296 | D        | Reached XP level 8. HP: 76/76 MP: 8/8
   345 | D        | Reached *** piety under Trog
   362 | D        | Found Wopein's Distillery.
   362 | D        | Found Xapuivih's Weapon Boutique.
   362 | D        | Found Ytystroi's Jewellery Shop.
   362 | D        | Found Ziro's Jewellery Boutique.
   362 | D        | Found Toell's Distillery.
   363 | D        | Found Kumpaike's Armour Shop.
   363 | D        | Found Bolam's Jewellery Boutique.
   363 | D        | Found Joepaf's Book Shop.
   364 | D        | Found Gomin's Antique Armour Shop.
   364 | D        | Found Voan's Magic Scroll Boutique.
   365 | D        | Noticed a shining eye
   366 | D        | Found Ituusch's Antique Weapon Boutique.
   366 | D        | Found Firos's Armour Shop.
   366 | D        | Noticed Menkaure
   366 | D        | Noticed a shining eye
   366 | D        | Noticed a shining eye
   366 | D        | Noticed an oklob plant
   367 | D        | Found Vareeh's General Store.
   367 | D        | Found Wiaxtiry's Antique Armour Boutique.
   367 | D        | Found Fuocy's Book Shoppe.
   367 | D        | Noticed a manticore
   368 | D        | Noticed a manticore
   370 | D        | Bought the +1 pair of gloves "Ijanonom" {MP+9 Int-4 Dex+2}
                  | for 436 gold pieces
   381 | D        | Killed Menkaure
   387 | D        | Noticed a yak
   395 | D        | Bought a cloak for 85 gold pieces
   396 | D        | Bought a +0 helmet for 49 gold pieces
   423 | D        | Reached **** piety under Trog
   428 | D        | Noticed a flying skull
   428 | D        | Noticed a flying skull
   428 | D        | Noticed a flying skull
   429 | D        | Noticed a flying skull
   429 | D        | Noticed a flying skull
   429 | D        | Noticed a flying skull
   429 | D        | Noticed a flying skull
   429 | D        | Noticed a flying skull
   430 | D        | Noticed a flying skull
   430 | D        | Noticed a flying skull
   430 | D        | Noticed a flying skull
   430 | D        | Noticed a flying skull
   439 | D        | Found a snail-covered altar of Cheibriados.
   439 | D        | Found a hazy altar of Hepliaklqana.
   440 | D        | Found a shadowy altar of Dithmenos.
   440 | D        | Found a viscous altar of Jiyva.
   441 | D        | Found a white marble altar of Elyvilon.
   441 | D        | Found an ancient bone altar of Kikubaaqudgha.
   441 | D        | Found a sacrificial altar of Ru.
   441 | D        | Found a stormy altar of Qazlal.
   442 | D        | Found a blossoming altar of Fedhas.
   442 | D        | Found a corrupted altar of Lugonu.
   442 | D        | Found a shimmering blue altar of Sif Muna.
   442 | D        | Found an ornate altar of the Wu Jian Council.
   442 | D        | Noticed a polar bear
   445 | D        | Noticed a polar bear
   446 | D        | Noticed a polar bear
   465 | D        | Killed a polar bear
   466 | D        | Reached skill level 14 in Unarmed Combat
   474 | D        | Killed a polar bear
   481 | D        | Killed a polar bear
   482 | D        | Reached skill level 15 in Unarmed Combat
   482 | D        | Reached XP level 9. HP: 13/84 MP: 9/9
   482 | D        | Noticed a yaktaur
   636 | D        | Noticed a hornet
   650 | D        | Killed a hornet
   652 | D        | Killed a yaktaur
   653 | D        | Reached skill level 16 in Unarmed Combat
   653 | D        | Found an opulent altar of Gozag.
   653 | D        | Found a burning altar of Makhleb.
   653 | D        | Found a bloodstained altar of Trog.
   653 | D        | Found a shimmering altar of Xom.
   655 | D        | Found a sparkling altar of Nemelex Xobeh.
   655 | D        | Found a hide-covered altar of Uskayaw.
   655 | D        | Found a basalt altar of Yredelemnul.
   656 | D        | Found an iron altar of Okawaru.
   656 | D        | Found a radiant altar of Vehumet.
   656 | D        | Found a glowing silver altar of Zin.
   693 | D        | Noticed a kraken
   713 | D        | Reached ***** piety under Trog
   719 | D        | Found a glowing golden altar of the Shining One.
   770 | D        | Found the necklace of Bloodlust {*Rage Will++ Int-3 Slay+6}
  1062 | D        | Noticed a deep troll
  1063 | D        | Noticed a deep troll
  1068 | D        | Killed a deep troll
  1069 | D        | Reached skill level 17 in Unarmed Combat
  1069 | D        | Reached XP level 10. HP: 88/92 MP: 10/10
  1074 | D        | Killed a deep troll
  1075 | D        | Reached skill level 18 in Unarmed Combat
  1125 | D        | Noticed a sphinx
  1125 | D        | Noticed a sphinx
  1133 | D        | Killed a sphinx
  1134 | D        | Reached skill level 19 in Unarmed Combat
  1139 | D        | Killed a sphinx
  1139 | D        | Received a gift from Trog
  1140 | D        | Reached skill level 20 in Unarmed Combat
  1215 | D        | Bought a shiny plate armour for 598 gold pieces
  1215 | D        | Bought a pair of runed gloves for 172 gold pieces
  1228 | D        | Bought a scroll of blinking for 105 gold pieces
  1228 | D        | Bought 2 scrolls of identify for 56 gold pieces
  1228 | D        | Bought a scroll of identify for 28 gold pieces
  1228 | D        | Bought a scroll of identify for 28 gold pieces
  1250 | D        | Noticed an ice statue
  1253 | D        | Noticed Kirke
  1253 | D        | Noticed a yaktaur captain
  1253 | D        | Noticed a kobold demonologist
  1253 | D        | Noticed a skeletal warrior
  1280 | D        | Killed a yaktaur captain
  1281 | D        | Reached skill level 5 in Armour
  1281 | D        | Reached XP level 11. HP: 56/101 MP: 11/11
  1288 | D        | Killed Kirke
  1323 | D        | Noticed a centaur warrior
  1323 | D        | Killed a centaur warrior
  1326 | D        | Noticed an elephant
  1333 | D        | Killed an elephant
  1333 | D        | Received a gift from Trog
  1334 | D        | Reached skill level 10 in Armour
  1416 | D        | Noticed a death yak
  1419 | D        | Killed a death yak
  1473 | D        | Noticed an ice dragon
  1492 | D        | Killed an ice dragon
  1494 | D        | Reached ****** piety under Trog
  1511 | D        | Found Mutal's Weapon Emporium.
  1511 | D        | Found Ciodiwib's Jewellery Shop.
  1511 | D        | Found Jypsejej's Antique Armour Shop.
  1511 | D        | Found Junem's Weapon Shoppe.
  1511 | D        | Found Xemioj's Assorted Antiques.
  1512 | D        | Found Malanliv's Magic Scroll Shoppe.
  1512 | D        | Found Zaikaqar's Magic Scroll Boutique.
  1512 | D        | Found Mainga's Antique Weapon Emporium.
  1512 | D        | Found Nuciasidd's Assorted Antiques.
  1512 | D        | Found Ade Wirgh's Antique Armour Emporium.
  1512 | D        | Found Fosuf's Distillery.
  1512 | D        | Found Jafeothra's Magic Scroll Shoppe.
  1531 | D        | Bought a runed helmet for 127 gold pieces
  1544 | D        | Bought a scroll of blinking for 217 gold pieces
  1544 | D        | Bought a scroll of identify for 58 gold pieces
  1546 | D        | Bought a scroll of blinking for 90 gold pieces
  1597 | D        | Reached XP level 12. HP: 100/108 MP: 12/12
  1606 | D        | Received a gift from Trog
  1607 | D        | Reached skill level 15 in Armour
  1710 | D        | Killed a skeletal warrior
  1710 | D        | Received a gift from Trog
  1747 | D        | Noticed a sixfirhy
  1762 | D        | Noticed a sixfirhy
  1769 | D        | Noticed a sixfirhy
  1777 | D        | Found Wollazie's Book Shoppe.
  1778 | D        | Found Toych's Armour Boutique.
  1800 | D        | Received a gift from Trog
  1808 | D        | Killed a sixfirhy
  1811 | D        | Killed a sixfirhy
  1812 | D        | Reached skill level 15 in Fighting
  1817 | D        | Killed a sixfirhy
  1925 | D        | Noticed Gastronok
  1936 | D        | Killed Gastronok
  1938 | D        | Noticed a dire elephant
  1946 | D        | Noticed a sun demon
  1955 | D        | Killed a dire elephant
  1962 | D        | Received a gift from Trog
  2002 | D        | Identified the +4 dagger "Orucu" {freeze, Str+3}
  2025 | D        | Identified 4 scrolls of acquirement
  2025 | D        | Acquired the +4 pair of boots "Elugimuc" {Stlth+}
  2037 | D        | Acquired an amulet of regeneration
  2049 | D        | Acquired the +0 cloak of Benevolence {rN+ Int+5 Dex-2}
  2051 | D        | Acquired the amulet "Amox Xawk" {Reflect rElec Str+2 Dex+4
                  | SH+5}
  2064 | D        | Noticed Roxanne
  2076 | D        | HP: 8/165 [Roxanne/crystal spear (60)]
  2087 | D        | Killed Roxanne
  2129 | D        | Found Kuetiux's Antique Armour Shoppe.
  2130 | D        | Found Opseakk's Antique Armour Shop.
  2132 | D        | Noticed Nessos
  2138 | D        | Killed Nessos
  2139 | D        | Reached XP level 13. HP: 97/117 MP: 13/13
  2146 | D        | Acquired 1081 gold pieces
  2221 | D        | Received a gift from Trog
  2237 | D        | Noticed a deep elf blademaster
  2250 | D        | Killed a deep elf blademaster
  2251 | D        | Reached skill level 21 in Unarmed Combat
  2323 | D        | Gained mutation: You are weak. (Str -2) [a shining eye]
  2325 | D        | Paralysed by a floating eye for 2 turns
  2326 | D        | Gained mutation: You are very weak. (Str -4) [a shining
                  | eye]
  2327 | D        | Received a gift from Trog
  2328 | D        | Gained mutation: You are clumsy. (Dex -2) [a shining eye]
  2329 | D        | Reached skill level 22 in Unarmed Combat
  2332 | D        | Received a gift from Trog
  2334 | D        | Paralysed by a floating eye for 3 turns
  2335 | D        | Gained mutation: Armour fits poorly on your strangely
                  | shaped body. [a shining eye]
  2336 | D        | Gained mutation: You occasionally lose the ability to read
                  | scrolls when taking damage. [a shining eye]
  2339 | D        | Reached skill level 23 in Unarmed Combat
  2348 | D        | Identified the +7 great mace of Misery {spect, rC+ rCorr
                  | Str+7}
  2371 | D        | Identified the +7 great sword of Shifting Slow Death
                  | {vorpal, SInv}
  2378 | D        | Lost mutation: Armour fits poorly on your strangely shaped
                  | body. [potion of mutation]
  2378 | D        | Lost mutation: You are clumsy. (Dex -2) [potion of
                  | mutation]
  2378 | D        | Gained mutation: You possess an exceptional clarity of
                  | mind. [potion of mutation]
  2378 | D        | Gained mutation: You have a pair of small horns on your
                  | head. [potion of mutation]
  2378 | D        | Gained mutation: You are partially covered in iridescent
                  | scales. (AC +2) [potion of mutation]
  2379 | D        | Lost mutation: You occasionally lose the ability to read
                  | scrolls when taking damage. [potion of mutation]
  2379 | D        | Lost mutation: You possess an exceptional clarity of mind.
                  | [potion of mutation]
  2379 | D        | Lost mutation: You are partially covered in iridescent
                  | scales. (AC +2) [potion of mutation]
  2379 | D        | Gained mutation: You occasionally lose the ability to read
                  | scrolls when taking damage. [potion of mutation]
  2379 | D        | Lost mutation: You are very weak. (Str -4) [potion of
                  | mutation]
  2379 | D        | Gained mutation: You are covered in fur. (AC +1) [potion of
                  | mutation]
  2380 | D        | Lost mutation: You have a pair of small horns on your head.
                  | [potion of mutation]
  2380 | D        | Lost mutation: You are weak. (Str -2) [potion of mutation]
  2380 | D        | Lost mutation: You are covered in fur. (AC +1) [potion of
                  | mutation]
  2380 | D        | Gained mutation: You are frail. (-10% HP) [potion of
                  | mutation]
  2380 | D        | Gained mutation: Your muscles are strong. (Str +4, Int/Dex
                  | -1) [potion of mutation]
  2380 | D        | Gained mutation: You have sharp toenails. [potion of
                  | mutation]
  2380 | D        | Gained mutation: You are agile. (Dex +4, Str/Int -1)
                  | [potion of mutation]
  2381 | D        | Lost mutation: You are frail. (-10% HP) [potion of
                  | mutation]
  2381 | D        | Lost mutation: You occasionally lose the ability to read
                  | scrolls when taking damage. [potion of mutation]
  2381 | D        | Lost mutation: You have sharp toenails. [potion of
                  | mutation]
  2381 | D        | Gained mutation: You are very agile. (Dex +8, Str/Int -2)
                  | [potion of mutation]
  2381 | D        | Gained mutation: You are strong-willed. (Will+) [potion of
                  | mutation]
  2381 | D        | Gained mutation: You are partially covered in iridescent
                  | scales. (AC +2) [potion of mutation]
  2383 | D        | Lost mutation: You are strong-willed. (Will+) [potion of
                  | mutation]
  2383 | D        | Lost mutation: You are partially covered in iridescent
                  | scales. (AC +2) [potion of mutation]
  2383 | D        | Lost mutation: You are very agile. (Dex +8, Str/Int -2)
                  | [potion of mutation]
  2383 | D        | Gained mutation: You passively map a small area around you.
                  | [potion of mutation]
  2383 | D        | Gained mutation: You have a pair of small horns on your
                  | head. [potion of mutation]
  2383 | D        | Gained mutation: You have a pair of horns on your head.
                  | [potion of mutation]
  2384 | D        | Lost mutation: You are agile. (Dex +4, Str/Int -1) [potion
                  | of mutation]
  2384 | D        | Lost mutation: You passively map a small area around you.
                  | [potion of mutation]
  2384 | D        | Gained mutation: You sometimes lose your temper in combat.
                  | [potion of mutation]
  2384 | D        | Lost mutation: You have a pair of horns on your head.
                  | [potion of mutation]
  2384 | D        | Gained mutation: Your spells are a little easier to cast,
                  | but a little less powerful. [potion of mutation]
  2385 | D        | Lost mutation: Your spells are a little easier to cast, but
                  | a little less powerful. [potion of mutation]
  2385 | D        | Lost mutation: You have a pair of small horns on your head.
                  | [potion of mutation]
  2385 | D        | Lost mutation: You sometimes lose your temper in combat.
                  | [potion of mutation]
  2385 | D        | Gained mutation: You have hidden genetic defects. [potion
                  | of mutation]
  2385 | D        | Gained mutation: You have a pair of small horns on your
                  | head. [potion of mutation]
  2385 | D        | Gained mutation: You are partially covered in iridescent
                  | scales. (AC +2) [potion of mutation]
  2386 | D        | Lost mutation: You have hidden genetic defects. [potion of
                  | mutation]
  2386 | D        | Lost mutation: You have a pair of small horns on your head.
                  | [potion of mutation]
  2386 | D        | Lost mutation: Your muscles are strong. (Str +4, Int/Dex
                  | -1) [potion of mutation]
  2386 | D        | Gained mutation: You are mostly covered in iridescent
                  | scales. (AC +4) [potion of mutation]
  2386 | D        | Gained mutation: Your skin changes colour to match your
                  | surroundings (Stealth+). [potion of mutation]
  2386 | D        | Gained mutation: Your system is resistant to poisons.
                  | (rPois) [potion of mutation]
  2426 | D        | Noticed a quicksilver dragon
  2431 | D        | Noticed a quicksilver dragon
  2438 | D        | Killed a quicksilver dragon
  2445 | D        | Killed a quicksilver dragon
  2445 | D        | Received a gift from Trog
  2518 | D        | Killed a lorocyproca
  2526 | D        | Killed a lorocyproca
  2527 | D        | Reached skill level 24 in Unarmed Combat
  2528 | D        | Killed a lorocyproca
  2529 | D        | Reached XP level 14. HP: 62/125 MP: 0/14
  2546 | D        | Noticed a quicksilver dragon
  2552 | D        | Killed a quicksilver dragon
  2724 | D        | Noticed Murray
  2741 | D        | Killed Murray
  2808 | D        | Noticed a hellephant
  2808 | D        | Noticed Sonja
  2808 | D        | Noticed a purple draconian shifter
  2817 | D        | Slain by a hellephant

Illustrated notes

Levels and vault maps discovered:
D:        the_violet_keep_of_menkaure [sprint2_stairs_cluster_1,
          sprint2_shoproom, sprint2_temple, sprint2_basic_supplies,
          sprint2_obstacle_1, sprint2_obstacle_7, sprint2_obstacle_2,
          sprint2_obstacle_3, sprint2_obstacle_6, sprint2_timed_cluster_1,
          sprint2_smallroom_cluster_1, sprint2_smallroom_final_cluster_1,
          sprint2_transparent_cluster_1, sprint2_second_timed_cluster_1,
          sprint2_sniper_area_1, sprint2_heavy_combat_area_1,
          sprint2_mutation_trap_area_1, sprint2_forest_area_1,
          sprint2_light_combat_area_1, sprint2_behind_water_1,
          sprint2_near_end_vault_1]

Skill      XL: |  1  2  3  4  5  6  7  8  9 10 11 12 13 |
---------------+----------------------------------------+-----
Fighting       | 6 7 8 10 11 12 13 14 15 16 | 16.3
Unarmed Combat | 6 7 8 11 13 15 17 20 24 | 24.9
Armour         | 5 14 19 22 | 22.3
Dodging        | |  2.0

Action                   |  1- 3 |  4- 6 |  7- 9 | 10-12 | 13-15 || total
-------------------------+-------+-------+-------+-------+-------++-------
Melee: Unarmed           |     8 |    27 |    71 |   235 |   131 ||   472
       Punch             |       |     3 |     5 |    21 |    13 ||    42
Invok: Berserk           |     1 |     1 |     5 |     8 |     4 ||    19
       Trog's Hand       |       |     2 |     9 |    16 |     7 ||    34
       Brothers in Arms  |       |       |       |     3 |     7 ||    10
  Use: Potion            |       |     2 |     1 |     7 |    13 ||    23
       Scroll            |       |     1 |       |    16 |     2 ||    19
Armor: Animal skin       |     1 |     2 |    21 |     4 |       ||    28
       Plate armour      |       |       |       |   132 |    61 ||   193
Dodge: Dodged            |     1 |     9 |    42 |    66 |    19 ||   137
Block: Other             |       |       |       |       |    12 ||    12

Table legend: (Time is in decaauts)
 A = Elapsed time spent in this place.
 B = Non-inter-level travel time spent in this place.
 C = Inter-level travel time spent in this place.
 D = Time resting spent in this place.
 E = Time spent auto-exploring this place.
 F = Levels seen in this place.
 G = Mean time per level.
                   A        B        C        D        E       F      G
               +--------+--------+--------+--------+--------+-----+--------+
         Total |   2914 |   2914 |      0 |    791 |    266 |   1 | 2914.0 |
       Dungeon |   2914 |   2914 |      0 |    791 |    266 |   1 | 2914.0 |
               +--------+--------+--------+--------+--------+-----+--------+

Top non-repeatable levels by time:
       D: 2914 daAuts
